 Dungeon Crawl Stone Soup version 0.31-a0-234-gad7ace16ef (webtiles) character file.

Game seed: 5556950439102151340

98 qw the Shooter (level 4, -2/36 HPs)
             Began as a Minotaur Hexslinger on July 9, 2023.
             Slain by an orc priest
             ... wielding a +0 hand axe
              (5 damage)
             ... on level 3 of the Dungeon.
             The game lasted 00:00:38 (1685 turns).

qw the Shooter (Minotaur Hexslinger)                Turns: 1685, Time: 00:00:38

Health: -2/36      AC:  3    Str: 12    XL:     4   Next: 43%
Magic:  4/4        EV: 12    Int: 10    God:
Gold:   145        SH:  0    Dex: 15    Spells: 4/5 levels left

rFire   . . .        Y - +2 sling (flame)
rCold   . . .        (no shield)
rNeg    . . .        f - +0 leather armour
rPois   .            (helmet restricted)
rElec   .            (no cloak)
rCorr   .            (no gloves)
SInv    .            (no boots)
Will    .....        b - amulet of faith
Stlth   +            (no ring)
HPRegen 0.26/turn    (no ring)
MPRegen 0.09/turn

%: faith
@: no status effects
A: horns 2, retaliatory headbutt
a: no special abilities


You were on level 3 of the Dungeon.
You visited 1 branch of the dungeon, and saw 3 of its levels.

You collected 145 gold pieces.


Innate Abilities, Weirdness & Mutations

You have a pair of horns on your head.
You reflexively headbutt those who attack you in melee.


   Skills:
 + Level 2.0 Fighting
 - Level 5.0 Ranged Weapons
 - Level 2.1 Dodging
 - Level 1.0 Spellcasting
 - Level 2.0 Hexes


You had 4 spell levels left.
You knew the following spells:

 Your Spells              Type           Power      Damage    Failure   Level
a - Slow                  Hex            16%        N/A       19%         1

Your spell library contained the following spells:

 Spells                   Type           Power      Damage    Failure   Level
 Inner Flame              Hex/Fire       2%         N/A       65%         3
 Portal Projectile        Hex/Tloc       4%         N/A       65%         3
 Cause Fear               Hex            2%         N/A       88%         4

Inventory:

Hand Weapons
 Y - a +2 sling of flaming (weapon)
Armour
 a - a +0 ring mail
 f - a +0 leather armour (worn)
Jewellery
 b - an amulet of faith (around neck)
Potions
 g - a potion of cancellation {unknown}
 h - a potion of attraction {unknown}
 j - 3 potions of curing
 l - a potion of mutation {unknown}

Dungeon Overview and Level Annotations

Branches:
Dungeon (3/15)

Altars:


Message History

The orc shouts!
The orc priest shouts!
The orc priest looks satisfied for a moment.
1675 ||| Stepping ~*~*~tactically~*~*~ (outnumbered).
You shoot a sling bullet. The sling bullet hits the orc.
The sling bullet burns the orc.
The orc is heavily wounded.
The orc completely misses you.
The orc priest calls down the wrath of Beogh upon you.
Beogh smites you!
You shoot a sling bullet.
The sling bullet completely misses the orc.
The orc hits you with a +0 club.
You shoot a sling bullet.
The sling bullet closely misses the orc.
The orc closely misses you.
You shoot a sling bullet. The sling bullet hits the orc.
The sling bullet burns the orc.
You kill the orc!
The orc hits you with a +0 dagger.
You shoot a sling bullet. The sling bullet barely misses the orc.
You shoot a sling bullet. The sling bullet hits the orc priest.
The sling bullet burns the orc priest.
The orc priest is moderately wounded.
The orc closely misses you. You furiously retaliate!
You headbutt the orc!
You kill the orc!
Your Ranged Weapons skill increases to level 5!
You shoot a sling bullet.
The sling bullet barely misses the orc priest.
The orc priest invokes the aid of Beogh against you.
Pain shoots through your body!
You shoot a sling bullet.
The sling bullet closely misses the orc priest.
The orc priest closely misses you.
The orc priest hits you with a +0 hand axe.
You shoot a sling bullet. The sling bullet hits the orc priest.
The sling bullet burns the orc priest.
The orc priest is severely wounded.
The orc priest barely misses you.
The orc priest hits you with a +0 hand axe.
You die...

#.......##.#
..###.#.##.# .#
#.##.#..##.# .#
..#.###.##.# .#
#.....##.#.# .#
#.#.#.###..# .#
#.....##.#.# .#
#.#.###.##.######o#
#.##.#..........@o#
#.###.####.########
#.###.# #.# ......#
#.# #.##### #.# #<#
#.# ... ..# ### ##


You could see 2 orc priests.

Vanquished Creatures
  A howler monkey (D:3)
  A white imp (D:2)
  A dart slug (D:1)
  3 orcs
  4 ball pythons
  3 bats
  6 endoplasms
  2 giant cockroaches (D:1)
  2 hobgoblins
  3 jackals (D:2)
  3 kobolds
  2 quokkas
  3 frilled lizards (D:1)
  6 goblins
  4 rats
44 creatures vanquished.

Notes
Turn   | Place    | Note
-------+----------+-------------------------------------------
     0 | D:1      | qw the Minotaur Hexslinger began the quest for the Orb.
     0 | D:1      | Reached XP level 1. HP: 16/16 MP: 1/1
     0 | D:1      | 0 ||| qw: Version: 0.3-a-51-g015441d
     0 | D:1      | 0 ||| qw: Game counter: 4069
     0 | D:1      | 0 ||| qw: Melee chars always use a shield: true
     0 | D:1      | 0 ||| qw: God list: Okawaru
     0 | D:1      | 0 ||| qw: Allow faded altars: false
     0 | D:1      | 0 ||| qw: Do Orc after clearing Dungeon:15 true
     0 | D:1      | 0 ||| qw: Do second Lair branch before Depths: true
     0 | D:1      | 0 ||| qw: Lair rune preference: random
     0 | D:1      | 0 ||| qw: Goals: Normal
     0 | D:1      | 0 ||| PLANNING D:1-11
   150 | D:1      | Reached skill level 3 in Ranged Weapons
   150 | D:1      | Reached XP level 2. HP: 23/23 MP: 2/2
   583 | D:1      | Found a faded altar of an unknown god.
   737 | D:1      | 737 ||| UPGRADING to +0 leather armour.
   747 | D:1      | 747 ||| DROPPING +0 robe.
   748 | D:1      | 748 ||| READING scroll labelled SEONYTUQEU.
   749 | D:1      | 749 ||| READING scroll labelled NOMA DYFAZ.
   750 | D:1      | 750 ||| READING scroll labelled EDOUMIHYSA.
   751 | D:1      | 751 ||| READING scroll labelled ZIMOTO OFUONK.
   752 | D:1      | 752 ||| DRINKING 2 silvery potions.
   753 | D:1      | 753 ||| DROPPING scroll of poison.
   806 | D:2      | Reached XP level 3. HP: 27/29 MP: 3/3
  1077 | D:2      | Reached skill level 4 in Ranged Weapons
  1336 | D:2      | 1336 ||| UPGRADING to amulet of guardian spirit.
  1341 | D:2      | 1341 ||| UPGRADING to amulet of faith.
  1351 | D:2      | 1351 ||| DROPPING amulet of guardian spirit.
  1435 | D:3      | Reached XP level 4. HP: 24/36 MP: 4/4
  1446 | D:3      | 1446 ||| FLEEEEING.
  1452 | D:3      | 1452 ||| FLEEEEING.
  1453 | D:3      | 1453 ||| FLEEEEING.
  1454 | D:3      | 1454 ||| FLEEEEING.
  1455 | D:3      | 1455 ||| FLEEEEING.
  1456 | D:3      | 1456 ||| FLEEEEING.
  1457 | D:3      | 1457 ||| FLEEEEING.
  1463 | D:3      | 1463 ||| FLEEEEING.
  1464 | D:3      | 1464 ||| FLEEEEING.
  1465 | D:3      | 1465 ||| STAIRDANCE
  1487 | D:3      | 1487 ||| STAIRDANCE
  1673 | D:3      | 1673 ||| Stepping ~*~*~tactically~*~*~ (outnumbered).
  1675 | D:3      | 1675 ||| Stepping ~*~*~tactically~*~*~ (outnumbered).
  1683 | D:3      | Reached skill level 5 in Ranged Weapons
  1683 | D:3      | HP: 7/36 [orc priest/nerve-wracking pain (12)]
  1684 | D:3      | HP: 3/36 [orc priest/+0 hand axe (4)]
  1685 | D:3      | Slain by an orc priest

Levels and vault maps discovered:
D:1:      kennysheep_arrival_seaside, layout_basic,
          shapermc_ecumenical_altar_mp_highgroup, minmay_misc_feat_x
D:2:      layout_loops_ring, st_stairs_3
D:3:      layout_loops_ring, patterned_corridor, uniq_terence

Skill      XL: |  1  2  3  4 |
---------------+-------------+-----
Ranged Weapons | 3 4 5 |  5.0
Fighting       | 2 |  2.0
Dodging        | |  2.1
Spellcasting   | |  1.0
Hexes          | |  2.0

Action                     |  1- 3 |  4- 6 || total
---------------------------+-------+-------++-------
   Fire: Sling             |    89 |    18 ||   107
    Use: Scroll            |     4 |       ||     4
         Potion            |     1 |       ||     1
 Armour: Robe              |     1 |       ||     1
  Dodge: Dodged            |    10 |     6 ||    16

Table legend:
 A = Non-vault XP
 B = Vault XP
 C = Vault XP percentage of total XP
 D = Non-vault monster count
 E = Vault monster count
 F = Vault count percentage of total count
                 A         B        C        D         E       F
            +---------+---------+-------+---------+---------+-------
      Total |     137 |       3 |   2.1 |      42 |       2 |   4.5
            +---------+---------+-------+---------+---------+-------
        D:1 |      38 |       0 |   0.0 |      21 |       0 |   0.0
        D:2 |      36 |       3 |   7.7 |      16 |       2 |  11.1
        D:3 |      63 |       0 |   0.0 |       5 |       0 |   0.0
            +---------+---------+-------+---------+---------+-------
